 Dungeon Crawl Stone Soup version 0.26-a0-466-g989023bd0d (webtiles) character file.

Game seed: 4502302541557793916

9269 vurker the Fighter (level 11, -7/104 HPs)
             Began as a Minotaur Hunter on Aug 10, 2020.
             Was a High Priest of Qazlal.
             Splashed by a brown ugly thing's acid (8 damage)
             ... on level 11 of the Dungeon.
             The game lasted 00:16:13 (12133 turns).

vurker the Fighter (Minotaur Hunter)               Turns: 12133, Time: 00:16:14

Health: -7/104     AC: 13    Str: 19    XL:     11   Next: 20%
Magic:  0/17       EV:  9    Int: 14    God:    Qazlal [*****.]
Gold:   660        SH:  6    Dex: 12    Spells: 10/10 levels left

rFire    . . .     SeeInvis .   r - +1 long sword (venom)
rCold    + . .     Faith    .   (no shield)
rNeg     . . .     Spirit   +   A - +3 chain mail
rPois    .         Reflect  .   y - +2 hat
rElec    .         Harm     .   t - +1 cloak {MR+}
rCorr    .                      (no gloves)
MR       +....                  (no boots)
Stlth    ..........             o - amulet of guardian spirit
HPRegen  0.27/turn              u - ring of protection from cold
MPRegen  0.15/turn              D - +6 ring of intelligence

@: corroded, repel missiles
A: retaliatory headbutt, horns 2
a: Upheaval, Elemental Force, Disaster Area, Renounce Religion


You were on level 11 of the Dungeon.
You worshipped Qazlal.
Qazlal was extremely pleased with you.
You visited 1 branch of the dungeon, and saw 11 of its levels.

You collected 735 gold pieces.
You spent 75 gold pieces at shops.

Inventory:

Hand Weapons
 r - a +1 long sword of venom (weapon)
   (You took it off an orc warrior on level 6 of the Dungeon)
Missiles
 c - 13 javelins (quivered)
 d - 3 throwing nets
Armour
 t - a +1 cloak of magic resistance (worn)
   (You took it off Crazy Yiuf on level 6 of the Dungeon)
 y - a +2 hat (worn)
   (You found it on level 5 of the Dungeon)
 A - a +3 chain mail (worn)
   (You took it off an orc on level 6 of the Dungeon)
Jewellery
 o - an amulet of guardian spirit (around neck)
   (You found it on level 2 of the Dungeon)
 u - a ring of protection from cold (left hand)
   (You found it on level 4 of the Dungeon)
 D - a +6 ring of intelligence (right hand)
   (You found it on level 11 of the Dungeon)
Wands
 v - a wand of digging (4)
   (You took it off Robin on level 3 of the Dungeon)
 x - a wand of acid (3)
   (You found it on level 8 of the Dungeon)
 z - a wand of polymorph (15)
   (You took it off Grinder on level 6 of the Dungeon)
Scrolls
 a - 2 scrolls of identify
 b - a scroll of immolation
 e - 3 scrolls of fear
 f - 3 scrolls of enchant weapon
 h - 2 scrolls of silence
 i - 2 scrolls of blinking
 n - 9 scrolls of teleportation
 p - a scroll of vulnerability
 s - a scroll of enchant armour
 B - a scroll of remove curse
 C - 2 scrolls of fog
Potions
 g - 2 potions of invisibility
 j - a potion of lignification
 l - 3 potions of haste
 m - a potion of might
 q - 3 potions of mutation
 w - 5 potions of flight


   Skills:
 + Level 11.8 Fighting
 - Level 10.0 Throwing
 + Level 5.1 Armour
 + Level 5.3 Dodging
 - Level 0.7 Stealth
 + Level 9.5 Invocations


You had 10 spell levels left.
You didn't know any spells.
Your spell library contained the following spells:

 Spells                   Type           Power        Failure   Level
 Animate Skeleton         Necr           #.....       96%         1
 Pain                     Necr           #...         96%         1
 Inner Flame              Hex/Fire       #.......     100%        3
 Vampiric Draining        Necr           #.........   100%        3
 Animate Dead             Necr           #.........   100%        4
 Sticky Flame             Conj/Fire      #.......     100%        4
 Agony                    Necr           #.......     100%        5
 Bolt of Magma            Conj/Fire/Erth #.........   100%        5
 Ignition                 Fire           #.........   100%        8


Dungeon Overview and Level Annotations

Branches:
Dungeon (11/15)            Temple (0/1) D:7
   Lair: D:8-11         Orc: D:9-12

Altars:
Cheibriados
Qazlal
Trog
Beogh

Shops:
D:5 }   D:10 *

Annotations:
D:10 exclusion: obsidian statue


Innate Abilities, Weirdness & Mutations

You reflexively headbutt those who attack you in melee.
You have a pair of horns on your head.


Message History

The brown ugly thing closely misses you.
You riposte.
You hit the brown ugly thing.
The brown ugly thing looks even sicker.
Your headbutt misses the brown ugly thing.
You slash the brown ugly thing!
The brown ugly thing looks as sick as possible!
Your headbutt misses the brown ugly thing.
The brown ugly thing engulfs you!
* * * LOW HITPOINT WARNING * * *
You are splashed with acid!
* * * LOW HITPOINT WARNING * * *
The brown ugly thing engulfs you.
* * * LOW HITPOINT WARNING * * *
The acid corrodes you!
You are splashed with acid!
* * * LOW HITPOINT WARNING * * *
Your protection from physical attacks is fading.
The ground shakes violently, spewing rubble!
The brown ugly thing engulfs you but does no damage.
There is an open door here.
You feel less protected from physical attacks.
The hound stops to sniff the ground.
There is an open door here.
You are no longer corroded.
You hear a shout!
There is an open door here.
Okay, then.
Aim: a hound The bolt of acid hits the brown ugly thing.
The bolt of acid hits the hound!
The hound is splashed with acid.
You hear a bellow!
Aim: a hound (almost dead)
The bolt of acid misses the brown ugly thing.
The bolt of acid misses the hound.
The brown ugly thing engulfs you but does no damage.
The brown ugly thing engulfs you!
* * * LOW HITPOINT WARNING * * *
You are splashed with acid!
* * * LOW HITPOINT WARNING * * *
Okay, then.
You feel better. The brown ugly thing barely misses you.
Unknown command.
Aim: a hound (almost dead)
The bolt of acid hits the brown ugly thing.
The bolt of acid hits the hound!
The hound is splashed with acid!
You kill the hound!
Qazlal accepts your kill. The brown ugly thing engulfs you.
* * * LOW HITPOINT WARNING * * *
The acid corrodes you!
You are splashed with acid!
You die...

.........#.........#
...†..####.......).#
###.### #.........#
#..# #......[..#
##.# #.........# .#
####'###### .# #...#
.# ###u### ..
#...@.# ###########
./
#..°§.####.........#
#.○.☼.#..'.........#
#...†.'.##.........#
#.....####.........#
+.....# #.........#
#.....# #...<.....#
###+### #####+#####


You could see a brown ugly thing (very poisoned).

Vanquished Creatures
  A two-headed ogre (D:10)
  2 death yaks (D:11)
  An unseen horror (D:10)
  A troll (D:10)
  Grinder (D:6)
  3 slime creatures (D:9)
  5 yaks (D:8)
  A water moccasin (D:10)
  An ice beast (D:5)
  2 sky beasts
  2 orc warriors
  A black bear (D:9)
  A necrophage (D:7)
  6 ogres
  3 centaurs
  4 phantoms
  4 big kobolds
  5 bullfrogs
  7 scorpions
  A water moccasin skeleton (D:8)
  7 wights
  8 killer bees
  A howler monkey (D:9)
  8 hounds
  A jelly (D:9)
  11 orc priests
  13 orc wizards
  Crazy Yiuf (D:6)
  A bullfrog skeleton (D:9)
  4 iguanas
  10 worker ants
  Robin (D:3)
  4 gnolls
  16 adders
  2 shadow imps (D:10)
  An ufetubus (D:9)
  2 oozes
  An adder skeleton (D:5)
  2 adder zombies
  2 worms
  A dart slug (D:2)
  8 leopard geckos
  58 orcs
  11 bats
  2 giant cockroaches (D:1)
  10 goblins
  7 hobgoblins (D:3)
  4 quokkas
  2 ball pythons
  8 frilled lizards
  A jackal zombie (D:6)
  19 kobolds
  13 rats
292 creatures vanquished.

Vanquished Creatures (others)
  An orc wizard (D:8)
  6 fungi (D:8)
7 creatures vanquished.

Grand Total: 299 creatures vanquished

Notes
Turn   | Place    | Note
-------+----------+-------------------------------------------
     0 | D:1      | vurker the Minotaur Hunter began the quest for the Orb.
     0 | D:1      | Reached XP level 1. HP: 18/18 MP: 0/0
   215 | D:1      | Reached skill level 3 in Fighting
   215 | D:1      | Reached XP level 2. HP: 24/26 MP: 1/1
  1326 | D:2      | Reached XP level 3. HP: 31/31 MP: 2/2
  1505 | D:2      | Found a faded altar of an unknown god.
  1522 | D:2      | Became a worshipper of Qazlal Stormbringer
  1522 | D:2      | Reached * piety under Qazlal
  1633 | D:2      | Found a bloodstained altar of Trog.
  1714 | D:2      | Reached XP level 4. HP: 30/40 MP: 3/3
  1753 | D:2      | Reached skill level 1 in Invocations
  1885 | D:1      | Reached skill level 4 in Fighting
  2171 | D:2      | Reached skill level 5 in Throwing
  2423 | D:3      | Reached XP level 5. HP: 47/47 MP: 5/5
  3044 | D:3      | Reached skill level 5 in Fighting
  3059 | D:3      | Reached ** piety under Qazlal
  3091 | D:3      | Reached XP level 6. HP: 46/56 MP: 5/7
  3382 | D:3      | Noticed Robin
  3409 | D:3      | Killed Robin
  3945 | D:4      | Reached XP level 7. HP: 21/62 MP: 8/8
  4202 | D:4      | Reached skill level 6 in Fighting
  4566 | D:4      | Identified Asmodeus's Compendium of the Volcanoes and the
                  | Mountains
  4588 | D:4      | Reached *** piety under Qazlal
  4838 | D:5      | Entered Level 5 of the Dungeon
  4877 | D:5      | Found Mieschut's Gadget Shoppe.
  4882 | D:5      | Reached skill level 7 in Fighting
  4882 | D:5      | Reached XP level 8. HP: 66/73 MP: 8/10
  5119 | D:5      | Reached skill level 5 in Invocations
  6029 | D:5      | Found a snail-covered altar of Cheibriados.
  6380 | D:6      | Reached skill level 8 in Fighting
  6657 | D:6      | HP: 1/75 [orc priest/+4 whip (5)]
  6997 | D:6      | Noticed Grinder
  7005 | D:6      | Paralysed by Grinder for 6 turns
  7010 | D:6      | Killed Grinder
  7010 | D:6      | Reached XP level 9. HP: 47/82 MP: 7/12
  7364 | D:6      | Found a runed translucent door.
  7365 | D:6      | Noticed Crazy Yiuf
  7522 | D:6      | Killed Crazy Yiuf
  7773 | D:7      | Reached skill level 9 in Fighting
  7827 | D:7      | Found a staircase to the Ecumenical Temple.
  7839 | D:7      | Reached **** piety under Qazlal
  7966 | D:7      | Found a runed translucent door.
  7973 | D:7      | Got a steaming flail
  7977 | D:7      | Identified the cursed +3 flail "Vixij" {freeze, *Noise
                  | +Rage SInv Stlth+} (You found it on level 7 of the Dungeon)
  8404 | D:7      | Found a roughly hewn altar of Beogh.
  8996 | D:8      | Reached ***** piety under Qazlal
  9012 | D:8      | Reached skill level 10 in Fighting
  9123 | D:8      | Got a transparent short sword
  9134 | D:8      | Identified the cursed +1 short sword of Lomi {vorpal, +Inv
                  | rN+ Str+3 Int+4} (You found it on level 8 of the Dungeon)
  9242 | D:8      | Reached XP level 10. HP: 73/92 MP: 9/15
 10306 | D:9      | Reached skill level 1 in Armour
 10652 | D:9      | Reached skill level 11 in Fighting
 10877 | D:9      | Reached skill level 10 in Throwing
 11175 | D:10     | Entered Level 10 of the Dungeon
 11181 | D:10     | Noticed a two-headed ogre
 11188 | D:10     | Killed a two-headed ogre
 11759 | D:10     | Killed an unseen horror
 11759 | D:10     | Reached XP level 11. HP: 101/101 MP: 14/16
 11832 | D:10     | Found Onolih's General Store.
 11842 | D:10     | Bought a scroll of teleportation for 45 gold pieces
 11842 | D:10     | Bought a scroll of identify for 30 gold pieces
 11898 | D:10     | Noticed an obsidian statue
 12093 | D:11     | Noticed a death yak
 12093 | D:11     | Noticed a brown ugly thing
 12099 | D:11     | Noticed a death yak
 12101 | D:11     | Killed a death yak
 12101 | D:11     | Reached skill level 5 in Dodging
 12110 | D:11     | Killed a death yak
 12110 | D:11     | Reached skill level 5 in Armour
 12131 | D:11     | HP: 3/102 [acid (11)]
 12133 | D:11     | HP: 1/104 [brown ugly thing (6)]
 12133 | D:11     | Splashed by a brown ugly thing's acid

Illustrated notes

Levels and vault maps discovered:
D:1:      dpeg_arrival_subterranean_lakeside_camping, layout_basic
D:2:      layout_basic, chequers_ecumenical_altar_simple,
          trog_three_pillars_becter
D:3:      cheibrodos_thug_alley, layout_rooms, uniq_robin
D:4:      layout_basic, portal_sewer_entry_d
D:5:      kennysheep_six_static_rooms, layout_basic, slow_altar_2, serial_shops,
          shop
D:6:      layout_loops_ring, uniq_crazy_yiuf_cottage, uniq_grinder
D:7:      layout_loops_ring, temple_green, lightli_church_of_beogh
D:8:      old_forge, layout_rooms
D:9:      layout_roguey, hangedman_decor_peaks_small, nicolae_water_bricks
D:10:     layout_cave_pools, serial_shops, shop, minivault_15
D:11:     layout_roguey, dpeg_lair_monsters, nicolae_ashenzari_panopticon

Skill      XL: |  1  2  3  4  5  6  7  8  9 10 11 |
---------------+----------------------------------+-----
Fighting       | 3 4 5 7 8 10 11 | 11.8
Invocations    | 1 2 3 4 6 8 9 |  9.5
Throwing       | 5 6 8 9 10 | 10.0
Armour         | 4 5 |  5.1
Dodging        | 4 5 |  5.3
Stealth        | |  0.7

Action                   |  1- 3 |  4- 6 |  7- 9 | 10-12 || total
-------------------------+-------+-------+-------+-------++-------
Melee: Short sword       |    79 |    11 |       |       ||    90
       Headbutt          |     8 |    21 |    42 |    52 ||   123
       Flail             |       |   132 |   168 |       ||   300
       Long sword        |       |       |    55 |   187 ||   242
       Quarterstaff      |       |       |    68 |       ||    68
Throw: Javelin           |       |       |     4 |       ||     4
       Throwing net      |       |       |     1 |       ||     1
Invok: Upheaval          |       |     1 |     1 |     3 ||     5
Evoke: Wand              |       |       |       |     3 ||     3
  Use: Scroll            |     1 |       |    19 |     2 ||    22
       Potion            |       |       |     2 |     1 ||     3
 Stab: Petrified         |       |       |     1 |       ||     1
Armor: Scale mail        |    30 |    43 |       |       ||    73
       Leather armour    |     1 |       |       |       ||     1
       Plate armour      |       |    69 |   125 |       ||   194
       Chain mail        |       |       |   104 |   116 ||   220
Dodge: Dodged            |    44 |    65 |   115 |   118 ||   342
Block: Other             |       |    21 |    61 |    74 ||   156
       Rpst.: Long sword |       |       |     8 |    23 ||    31

Table legend: (Time is in decaauts)
 A = Elapsed time spent in this place.
 B = Non-inter-level travel time spent in this place.
 C = Inter-level travel time spent in this place.
 D = Time resting spent in this place.
 E = Time spent auto-exploring this place.
 F = Levels seen in this place.
 G = Mean time per level.
                   A        B        C        D        E       F      G
               +--------+--------+--------+--------+--------+-----+--------+
         Total |  12385 |  11989 |    396 |   2129 |   7922 |  11 | 1125.9 |
       Dungeon |  12385 |  11989 |    396 |   2129 |   7922 |  11 | 1125.9 |
               +--------+--------+--------+--------+--------+-----+--------+

Top non-repeatable levels by time:
     D:2: 1497 daAuts
     D:7: 1478 daAuts
     D:4: 1404 daAuts
     D:1: 1403 daAuts
     D:6: 1393 daAuts
     D:9: 1289 daAuts
     D:5: 1236 daAuts
     D:8: 1080 daAuts
     D:3: 877 daAuts
    D:10: 615 daAuts
    D:11: 108 daAuts
